 Dungeon Crawl Stone Soup version 0.29.0-10-g45618ea6d2 (webtiles) character file.

Game seed: 2517062290484620523

12984 keekatzer the Reanimator (level 11, -3/79 HPs)
             Began as a Mummy Necromancer on Aug 30, 2022.
             Was a High Priest of Fedhas.
             Slain by a sixfirhy (12 damage)
             ... summoned by an orc high priest
             ... on level 1 of the Orcish Mines on Sept 1, 2022.
             The game lasted 01:39:14 (13843 turns).

keekatzer the Reanimator (Mummy Necromancer)       Turns: 13843, Time: 01:39:16

Health: -3/79      AC:  9    Str: 19    XL:     11   Next: 69%
Magic:  2/23       EV: 11    Int: 23    God:    Fedhas [*****.]
Gold:   409        SH: 19    Dex: 20    Spells: 8/27 levels left

rFire   x . .      SeeInvis .   m - +0 spear "Spiderbane" {freeze, Dex+7}
rCold   + + .      Faith    .   I - +2 kite shield {rC+}
rNeg    + + +      Spirit   .   N - +0 troll leather armour
rPois   ∞          Reflect  +   K - +0 helmet
rElec   .          Harm     .   J - +0 cloak
rCorr   .          Rampage  +   B - +0 pair of gloves
Will    +....                   H - +0 pair of boots {rampage}
Stlth   ++........              j - amulet of reflection
HPRegen 1.03/turn               A - +6 ring of intelligence
MPRegen 0.18/turn               M - +6 ring of strength

@: weakened, animating dead
A: cold resistance 1, negative energy resistance 3, torment resistance 2, heat
vulnerability 1, in touch with death 1, no potions
a: Renounce Religion, Wall of Briars, Grow Ballistomycete, Overgrow, Grow Oklob


You were on level 1 of the Orcish Mines.
You worshipped Fedhas.
Fedhas was extremely pleased with you.
You visited 3 branches of the dungeon, and saw 12 of its levels.

You collected 723 gold pieces.
You spent 314 gold pieces at shops.

Inventory:

Hand Weapons
 e - a +5 battleaxe
 h - a +4 falchion
 l - a +0 vorpal halberd
 m - the +0 spear "Spiderbane" (weapon) {freeze, Dex+7}
   (You found it on level 2 of the Dungeon)

   It freezes those it strikes, dealing additional cold damage.
   It can also slow down cold-blooded creatures.
   Dex:       It affects your dexterity (+7).
 o - a +2 dagger of venom
 v - a +2 dagger of speed
 w - a +3 quarterstaff of chaos
 C - a +3 flail
 F - a +3 mace
 L - a +2 vorpal shortbow
Missiles
 a - a throwing net
 p - 2 boomerangs of dispersal
 x - 6 curare-tipped darts (quivered)
Armour
 k - a +0 cloak
 s - a +0 helmet
 B - a +0 pair of gloves (worn)
 H - a +0 pair of boots of rampaging (worn)
 I - a +2 kite shield of cold resistance (worn)
 J - a +0 cloak (worn)
 K - a +0 helmet (worn)
 N - a +0 troll leather armour (worn)
 P - a +1 chain mail
Jewellery
 d - a ring of willpower
 f - a ring of flight
 j - an amulet of reflection (around neck)
 n - a ring of protection from cold
 A - a +6 ring of intelligence (left hand)
 M - a +6 ring of strength (right hand)
Wands
 b - a wand of paralysis (12)
 y - a wand of flame (34)
 G - a wand of iceblast (21)
Scrolls
 c - a scroll of vulnerability
 g - 4 scrolls of magic mapping
 i - 2 scrolls of amnesia
 q - 3 scrolls of butterflies
 r - 3 scrolls of immolation
 t - a scroll of enchant armour
 u - 2 scrolls of fear {unknown}
 z - 3 scrolls of poison
 D - 2 scrolls of blinking {unknown}
 E - 3 scrolls of teleportation {unknown}
Miscellaneous
 O - a tin of tremorstones (1/2)


   Skills:
 - Level 5.0 Fighting
 * Level 0.2(0.8) Polearms
 - Level 1.1(1.2) Staves
 - Level 5.2 Armour
 - Level 1.6 Dodging
 - Level 1.6 Stealth
 + Level 8.5 Shields
 + Level 8.5 Spellcasting
 - Level 2.0 Hexes
 * Level 10.6 Necromancy
 - Level 2.0 Translocations
 + Level 2.3 Invocations
 + Level 3.7 Evocations


You had 8 spell levels left.
You knew the following spells:

 Your Spells              Type           Power      Damage    Failure   Level
a - Necrotise             Necr           100%       1d9       1%          1
b - Blink                 Tloc           38%        N/A       12%         2
c - Vampiric Draining     Necr           73%        2d11      1%          3
d - Animate Dead          Necr           73%        N/A       2%          4
e - Agony                 Necr           73%        N/A       6%          5
f - Slow                  Hex            76%        N/A       9%          1
g - Confusing Touch       Hex            19%        N/A       24%         3

Your spell library contained the following spells:

 Spells                   Type           Power      Damage    Failure   Level
 Apportation              Tloc           38%        N/A       9%          1
 Lesser Beckoning         Tloc           19%        N/A       24%         3
 Fulminant Prism          Conj/Hex       7%         3d7       77%         4
 Iskenderun's Mystic Bla  Conj/Tloc      14%        2d5       77%         4
 Manifold Assault         Tloc           19%        N/A       92%         5
 Alistair's Intoxication  Tmut/Pois      6%         N/A       99%         5
 Lee's Rapid Deconstruct  Erth           4%         3d6*      99%         5
 Summon Hydra             Summ           4%         N/A       100%        7
 Sublimation of Blood     Necr           Unusable   N/A       N/A         2
 Wereblood                Tmut           Unusable   N/A       N/A         2

Dungeon Overview and Level Annotations

Branches:
Dungeon (10/15)            Temple (1/1) D:5             Orc (1/2) D:10
   Lair: D:8-11

Altars:
Ashenzari
Cheibriados
Dithmenos
Fedhas
Gozag
Hepliaklqana
Kikubaaqudgha
Makhleb
Nemelex Xobeh
Okawaru
Qazlal
Ru
Sif Muna
Trog
Uskayaw
Vehumet
Wu Jian
Xom
Yredelemnul

Shops:
D:7 [   D:10 (

Annotations:
D:8 2 transporters, exclusion: ice statue, unlimited1921's ghost, novice DjFE


Innate Abilities, Weirdness & Mutations

You are immune to poison.
Your flesh is cold resistant. (rC+)
You are immune to negative energy. (rN+++)
You are immune to unholy pain and torment.
You are vulnerable to heat. (rF-)
You are in touch with the powers of death.
You do not drink.


Message History

The orc dies!
Fedhas appreciates your contribution to the ecosystem.
The dead are walking!
You block the chaos spawn's attack.
The ogre hits your orc zombie with a +0 giant club!
Your orc zombie is destroyed!
The gnoll bouda barks out a call to the hunt!
The gnolls pick up the pace!
Reach: m) +0 spear "Spiderbane" {freeze, Dex+7}
Press: ? - help, Dir - move target, f - ogre
Aim: an ogre, wielding a +0 giant club (about 21% to evade the +0 spear "Spiderbane")
The ynoxinul is in the way.
You hit the ynoxinul. You freeze the ynoxinul.
The ynoxinul is lightly wounded.
You block the sixfirhy's attack. The sixfirhy hits you!
The sixfirhy shocks you! The sixfirhy barely misses you.
You block the ynoxinul's attack. You block the chaos spawn's attack.
The sixfirhy hits you. The sixfirhy shocks you!
Casting: Vampiric Draining (safe; 1% risk of failure)
Confirm with . or Enter, or press ? or * to list all spells.
You blink.
Your orc warrior zombie hits the ynoxinul.
Something hits your orc warrior zombie!
Your orc warrior zombie hits the chaos spawn.
The orc high priest hits your orc warrior zombie with a +0 broad axe!
The orc high priest barely misses something.
Your orc warrior zombie barely misses the chaos spawn.
The orc high priest hits your orc warrior zombie with a +0 broad axe!
There is a stone staircase leading down here.
You feel stable enough to blink again. The sixfirhy hits you.
The sixfirhy shocks you!
The gnoll hits your orc warrior zombie with a +0 flail!
Your orc warrior zombie is destroyed!
The orc hits something with a +0 mace!
There is a staircase back to the Dungeon here.
The sixfirhy hits you. The sixfirhy shocks you!
* * * LOW HITPOINT WARNING * * *
You block the sixfirhy's attack. The sixfirhy hits you!
* * * LOW HITPOINT WARNING * * *
The sixfirhy shocks you!
You die...
Fedhas appreciates your contribution to the ecosystem.

..............
...........#..
...........#
#.........#
###........###
##.........##.##
...............#
#.##..@>.....##
.#.....3.>....#
.......#o......#
.....##........##
..... ##)3O.....#
......#.#4.....##
......$...o.....#
......$.Zo)g.#.##
.........)).#.##


You could see an orc high priest, a sixfirhy (summoned), a ynoxinul (summoned),
a chaos spawn (summoned), an ogre, a gnoll (swift) and 2 orcs.

Vanquished Creatures
  A boulder beetle (D:9)
  Pikel (D:9)
  A cyclops (D:9)
  3 trolls
  A queen bee (D:9)
  A hornet (D:7)
  A wyvern (D:9)
  18 yaks
  A steam dragon (D:9)
  3 vampire mosquitoes (D:9)
  Menkaure (D:4)
  A water moccasin (D:8)
  A black bear (D:6)
  4 ice beasts
  10 orc warriors
  2 sky beasts
  An ogre (D:6)
  9 centaurs
  2 phantoms
  5 kobold brigands
  A necrophage (D:5)
  5 bullfrogs
  A gnoll sergeant (D:10)
  3 scorpions
  3 wights (D:10)
  24 killer bees (D:9)
  2 electric eels (D:5)
  4 howler monkeys
  5 hounds
  5 orc priests
  Crazy Yiuf (D:4)
  A gnoll bouda (D:8)
  6 iguanas
  Ijyb (D:3)
  10 orc wizards
  Robin (D:4)
  21 gnolls
  11 adders
  3 shadow imps (D:6)
  An ufetubus (D:6)
  3 dart slugs
  33 orcs
  10 ball pythons
  7 bats
  5 endoplasms
  5 giant cockroaches
  14 goblins
  12 hobgoblins
  6 jackals (D:10)
  23 kobolds
  4 quokkas
  A frilled lizard (D:1)
  8 rats
307 creatures vanquished.

Vanquished Creatures (collateral kills)
  A shadow (D:10)
  2 yaks
  An orc warrior (D:10)
  2 bullfrogs
  A gnoll sergeant (D:10)
  A hound (D:10)
  2 gnoll boudas (D:10)
  An orc priest (D:7)
  4 gnolls
  An adder (D:6)
  5 orcs
  An endoplasm (D:1)
  A kobold (D:9)
23 creatures vanquished.

Vanquished Creatures (others)
  An oklob sapling (D:5)
  A centaur zombie (D:10)
  10 orc zombies
  5 gnoll zombies (D:10)
  2 fungi (D:4)
  4 plants (D:5)
23 creatures vanquished.

Grand Total: 353 creatures vanquished

Notes
Turn   | Place    | Note
-------+----------+-------------------------------------------
     0 | D:1      | keekatzer the Mummy Necromancer began the quest for the
                  | Orb.
     0 | D:1      | Reached XP level 1. HP: 13/13 MP: 4/4
   172 | D:1      | Reached XP level 2. HP: 10/20 MP: 0/5
   792 | D:2      | Reached skill level 1 in Fighting
   826 | D:2      | Gained mutation: You are in touch with the powers of death.
                  | [Mummy growth]
   826 | D:2      | Reached XP level 3. HP: 25/26 MP: 4/7
   850 | D:2      | Found a faded altar of an unknown god.
   967 | D:2      | Learned a level 3 spell: Vampiric Draining
  1067 | D:2      | Identified the +0 spear "Spiderbane" {freeze, Dex+7}
  1451 | D:3      | Learned a level 2 spell: Blink
  1479 | D:3      | Reached XP level 4. HP: 28/32 MP: 2/9
  1609 | D:3      | Found a sparkling altar of Nemelex Xobeh.
  1641 | D:3      | Noticed Ijyb
  1647 | D:3      | Killed Ijyb
  1648 | D:3      | Reached skill level 5 in Necromancy
  1765 | D:3      | Reached XP level 5. HP: 24/38 MP: 10/10
  2048 | D:3      | Learned a level 4 spell: Animate Dead
  2171 | D:4      | Reached skill level 1 in Armour
  2464 | D:4      | Found a runed translucent door.
  2465 | D:4      | Noticed Crazy Yiuf
  2609 | D:4      | Reached skill level 1 in Translocations
  2681 | D:4      | Reached XP level 6. HP: 28/44 MP: 0/12
  2901 | D:4      | Noticed Menkaure
  3128 | D:4      | Reached skill level 6 in Necromancy
  3157 | D:5      | Entered Level 5 of the Dungeon
  3336 | D:5      | Reached XP level 7. HP: 50/50 MP: 12/14
  3367 | D:5      | Found a bloodstained altar of Trog.
  3408 | D:5      | Reached skill level 5 in Spellcasting
  3430 | D:5      | Learned a level 5 spell: Agony
  3461 | D:5      | Found a sacrificial altar of Ru.
  3471 | D:5      | Found a shadowy altar of Dithmenos.
  3857 | D:5      | Reached skill level 7 in Necromancy
  4032 | D:5      | Found a transporter.
  4058 | D:5      | Found a transporter.
  4073 | D:5      | Found a staircase to the Ecumenical Temple.
  4116 | Temple   | Entered the Ecumenical Temple
  4201 | Temple   | Became a worshipper of Fedhas Madash
  4625 | D:6      | Found a snail-covered altar of Cheibriados.
  4645 | D:6      | Reached skill level 1 in Evocations
  5104 | D:6      | Reached XP level 8. HP: 45/56 MP: 9/17
  5578 | D:6      | Reached skill level 8 in Necromancy
  5758 | D:6      | Reached * piety under Fedhas
  6260 | D:7      | Found a hide-covered altar of Uskayaw.
  6426 | D:7      | Noticed a hornet
  6613 | D:7      | You are sucked into a shaft and drop 2 floors!
  6615 | D:9      | Found a shimmering altar of Xom.
  6628 | D:9      | Noticed a troll
  6833 | D:8      | Reached XP level 9. HP: 65/65 MP: 10/19
  6857 | D:8      | Noticed an ice statue
  6986 | D:7      | Reached skill level 9 in Necromancy
  7151 | D:7      | Reached ** piety under Fedhas
  7213 | D:7      | Found Ciupp's Antique Armour Boutique.
  7424 | D:7      | Bought a pair of embroidered boots for 157 gold pieces
  7612 | D:8      | Found a transporter.
  7623 | D:8      | Found a transporter.
  7625 | D:8      | Noticed unlimited1921's ghost (novice DjFE)
  7650 | D:8      | Reached skill level 5 in Fighting
  7733 | D:8      | Reached skill level 1 in Shields
  8184 | D:8      | Reached skill level 10 in Necromancy
  9391 | D:7      | Bought a glowing kite shield for 157 gold pieces
  9713 | D:4      | Killed Menkaure
  9714 | D:4      | Reached XP level 10. HP: 11/74 MP: 19/22
 10016 | D:4      | Killed Crazy Yiuf
 10087 | D:4      | Learned a level 1 spell: Slow
 10091 | D:4      | Learned a level 3 spell: Confusing Touch
 10103 | D:4      | Noticed Robin
 10117 | D:4      | Reached *** piety under Fedhas
 10133 | D:4      | Killed Robin
 10793 | D:6      | Reached skill level 5 in Shields
 11356 | D:9      | Noticed a cyclops
 11368 | D:9      | Noticed a boulder beetle
 11384 | D:9      | Killed a cyclops
 11615 | D:9      | Killed a boulder beetle
 11632 | D:9      | Found a radiant altar of Vehumet.
 11632 | D:9      | Found an ancient bone altar of Kikubaaqudgha.
 11635 | D:9      | Found a shimmering blue altar of Sif Muna.
 11663 | D:9      | Found a stormy altar of Qazlal.
 11664 | D:9      | Found a burning altar of Makhleb.
 11664 | D:9      | Noticed Pikel
 11665 | D:9      | Found an opulent altar of Gozag.
 11671 | D:9      | Killed Pikel
 11853 | D:9      | Reached XP level 11. HP: 60/79 MP: 19/23
 11905 | D:9      | Reached **** piety under Fedhas
 11927 | D:9      | Reached skill level 5 in Armour
 11997 | D:9      | Upgraded the game from 0.29.0-7-g18a832c13a to
                  | 0.29.0-10-g45618ea6d2
 12320 | D:9      | Reached skill level 1 in Invocations
 12349 | D:9      | Reached ***** piety under Fedhas
 12510 | D:10     | Entered Level 10 of the Dungeon
 12524 | D:10     | Reached skill level 1 in Hexes
 13198 | D:10     | Found Woseazov's Weapon Shop.
 13304 | D:10     | Found a hazy altar of Hepliaklqana.
 13307 | D:10     | Found a faded altar of an unknown god.
 13537 | D:10     | Found Sony's Antique Armour Boutique.
 13582 | D:10     | Found a staircase to the Orcish Mines.
 13622 | D:10     | Reached skill level 1 in Staves
 13799 | Orc:1    | Entered Level 1 of the Orcish Mines
 13829 | Orc:1    | Noticed an orc high priest
 13833 | Orc:1    | Noticed a sixfirhy
 13843 | Orc:1    | Slain by a sixfirhy

Illustrated notes

Levels and vault maps discovered:
D:1:      eino_arrival_water_cross, layout_basic, minmay_vboxes
D:2:      layout_basic, shapermc_ecumenical_altar_totnotflames
D:3:      layout_loops_corners, mainiacjoe_overflow_24_doors, uniq_ijyb
D:4:      minmay_razor_zed, layout_rooms, uniq_robin, uniq_menkaure,
          uniq_crazy_yiuf_cottage
D:5:      gammafunk_steamed_eel, layout_rooms, mainiacjoe_overflow_chevrons,
          mainiacjoe_overflow_boulevard, mainiacjoe_overflow_swirl,
          minmay_temple_entry_oklob
D:6:      minmay_chambers_of_threes, layout_gridville, amcnicky_altar_gilded
D:7:      layout_basic, overflow_temple_1_default, serial_shops, shop
D:8:      layout_basic, nzn_ghost_randoct, centaur_isle
D:9:      layout_roguey [special_room_bee], grunt_temple_overflow_magic_moments,
          mainiacjoe_overflow_alcove_3, xom_teletrap_fun, minmay_checkerbox,
          uniq_pikel
D:10:     wander_river, layout_cave_pools, beargit_hepliaklqana_dungeon_heroes,
          david_orc_4, serial_shops, shop, serial_gnoll_camp,
          gnoll_camp_mini_shop, gnoll_camp_huts_basic, gnoll_camp_mini_doghouse,
          gnoll_camp_mini_hut
Temple:   hellmonk_temple_beads
Orc:1:    cheibrodos_orc_guarddog, layout_caves

Skill      XL: |  1  2  3  4  5  6  7  8  9 10 11 |
---------------+----------------------------------+-----
Spellcasting   | 3 4 6 7 8 |  8.5
Fighting       | 1 2 4 5 |  5.0
Necromancy     | 5 6 7 8 10 | 10.6
Armour         | 1 2 4 5 |  5.2
Translocations | 1 2 |  2.0
Evocations     | 2 3 |  3.7
Shields        | 4 8 |  8.5
Invocations    | 2 |  2.3
Hexes          | 2 |  2.0
Staves         | 1 |  1.1
Polearms       | |  0.2
Dodging        | |  1.6
Stealth        | |  1.6

Action                   |  1- 3 |  4- 6 |  7- 9 | 10-12 || total
-------------------------+-------+-------+-------+-------++-------
Melee: Club              |    14 |       |       |       ||    14
       Punch             |     1 |       |     8 |       ||     9
       Dagger            |     8 |       |       |       ||     8
       Spear             |    12 |   145 |   511 |   842 ||  1510
 Cast: Necrotise         |    43 |    60 |    66 |    72 ||   241
       Blink             |       |     4 |     5 |     5 ||    14
       Vampiric Draining |       |     4 |    45 |    72 ||   121
       Agony             |       |       |       |     9 ||     9
       Animate Dead      |       |       |       |     5 ||     5
Evoke: Wand              |       |       |     2 |     2 ||     4
       Tin of tremorston |       |       |       |     1 ||     1
  Use: Scroll            |       |       |       |     8 ||     8
 Stab: Sleeping          |     3 |     1 |     6 |     1 ||    11
       Distracted        |       |       |       |     4 ||     4
Armor: Robe              |    16 |       |       |       ||    16
       Leather armour    |     1 |    35 |   140 |    11 ||   187
       Troll leather arm |       |       |       |   173 ||   173
Dodge: Dodged            |    29 |    76 |   273 |   282 ||   660
Block: Kite shield       |       |       |    35 |  1058 ||  1093
       Other             |       |       |    34 |       ||    34
       Reflection        |       |       |    12 |    22 ||    34
